 Dungeon Crawl Stone Soup version 0.17.0-7-gfadd4cc (webtiles) character file.

184 MDvedh the Chopper (level 5, 0/46 HPs)
             Began as a Hill Orc Ice Elementalist on Nov 8, 2015.
             Was an Initiate of Beogh.
             Slain by an orc
             ... wielding a +0 trident
              (4 damage)
             ... on level 4 of the Dungeon.
             The game lasted 00:07:12 (4131 turns).

MDvedh the Chopper (Hill Orc Ice Elementalist)      Turns: 4131, Time: 00:07:12

Health: 0/46       AC:  4    Str: 12    XL:     5   Next: 63%
Magic:  7/7        EV: 11    Int: 15    God:    Beogh [......]
Gold:   255        SH:  0    Dex: 11    Spells: 1 memorised, 6 levels left

rFire  + . .     SeeInvis .     i - +0 war axe
rCold  . . .     Clarity  .     f - +1 leather armour {rF+}
rNeg   . . .     SustAt   .     (no shield)
rPois  .         Gourm    .     (no helmet)
rElec  .         Spirit   .     (no cloak)
rCorr  .         Warding  .     (no gloves)
rMut   .         Stasis   .     (no boots)
MR     .....                    (no amulet)
Stlth  +.........               (no ring)
                                (no ring)

@: about to teleport, not resistant to hostile enchantments, very unstealthy
A: no striking features
a: Renounce Religion


You were on level 4 of the Dungeon.
You worshipped Beogh.
Beogh was noncommittal.
You were not hungry.

You visited 1 branch of the dungeon, and saw 4 of its levels.

You collected 255 gold pieces.

Inventory:

Hand Weapons
 i - a +0 war axe (weapon)
Missiles
 h - 79 stones (quivered)
Armour
 f - a +1 leather armour of fire resistance (worn)
Jewellery
 k - an uncursed ring of ice {unknown}
Wands
 l - a wand of flame (18)
Scrolls
 d - 2 scrolls of remove curse
 p - a scroll of enchant armour {unknown}
 r - 3 scrolls of magic mapping
 s - a scroll of blinking {unknown}
 v - 2 scrolls of identify
 w - a scroll of fog {unknown}
Potions
 a - 2 potions of ambrosia {unknown}
 e - 3 potions of lignification
 j - a potion of degeneration {unknown}
 m - 2 potions of flight {unknown}
 n - 3 potions of curing
 t - a potion of invisibility {unknown}
 u - a potion of cancellation {unknown}
 x - a potion of agility {unknown}
Books
 b - a book of Frost

   Spells                             Type                      Level
   a - Freeze                         Ice                          1
   b - Throw Frost                    Conjuration/Ice              2
   c - Ozocubu's Armour               Charms/Ice                   3
   d - Throw Icicle                   Conjuration/Ice              4
   e - Summon Ice Beast               Ice/Summoning                4
   f - Condensation Shield            Ice                          4
Comestibles
 c - 2 bread rations
 g - 3 fruits
 o - 2 meat rations
 q - 2 beef jerkies


   Skills:
 - Level 3.9 Fighting
 + Level 5.0 Axes
 - Level 1.5 Dodging
 - Level 1.5 Stealth
 - Level 1.5 Spellcasting
   Level 1.0 Conjurations
 - Level 2.6 Ice Magic


You had 6 spell levels left.
You knew the following spells:

 Your Spells              Type           Power        Failure   Level  Hunger
a - Freeze                Ice            #...         12%         1    ##.....


Dungeon Overview and Level Annotations

Branches:
Dungeon (4/15)
 Temple: D:4-7

Altars:
Cheibriados
Xom
Zin

Annotations:
D:3 1 runed door


Message History

Something hits you but does no damage.
You barely miss the orc.
The orc is heavily wounded.
You hit the orc but do no damage. You barely miss something.
The orc completely misses you.
The orc hits you from afar with a trident!
* * * LOW HITPOINT WARNING * * *
The orc hits you with a mace of crushing.
* * * LOW HITPOINT WARNING * * *
x2 You hear some strange, mumbled words.
A puff of flame appears from out of thin air!
The puff of flame misses you.
Unknown command.
Read which item? (? for menu, Esc to quit)
As you read the scroll of teleportation, it crumbles to dust.
You feel strangely unstable. The orc hits you with a hand axe.
* * * LOW HITPOINT WARNING * * *
The orc hits you from afar with a trident.
You die...
Beogh appreciates the orc's killing of a heretic priest.

##......# #............##
##......##
##.............## #.......#
#...............###
.......##
##..................
.......#
##..........>.....#..
..<...##
#................##..
....### ##...............##
..### #.......oo......##
..### #.......@{......#
#...#####.........o....##
#......................#
..######..............##
..### ##..............#
....### #............#....
......####..........###....
.......# ##........## #...
.......## ##......## ...


You could see 3 orcs.

Vanquished Creatures
  An orc priest (D:3)
  An orc wizard (D:2)
  2 adders (D:2)
  An adder zombie (D:3)
  2 worms
  2 giant geckos
  11 orcs
  10 bats
  2 giant cockroaches
  6 goblins
  13 hobgoblins
  9 kobolds
  5 giant newts
  9 jackals
  3 quokkas
  8 rats
85 creatures vanquished.

Notes
Turn   | Place    | Note
--------------------------------------------------------------
     0 | D:1      | MDvedh the Hill Orc Ice Elementalist began the quest for the Orb.
     0 | D:1      | Reached XP level 1. HP: 14/14 MP: 3/3
    64 | D:1      | Reached skill level 1 in Fighting
   412 | D:1      | Reached XP level 2. HP: 22/24 MP: 0/4
   722 | D:1      | Reached skill level 3 in Fighting
   728 | D:1      | Reached XP level 3. HP: 23/31 MP: 2/5
   809 | D:1      | Found a snail-covered altar of Cheibriados.
  1421 | D:2      | Reached skill level 1 in Axes
  1421 | D:2      | Reached XP level 4. HP: 33/40 MP: 3/6
  2254 | D:3      | Found a runed door.
  2255 | D:3      | Found a glowing silver altar of Zin.
  2255 | D:3      | Noticed an angel
  2331 | D:3      | Found a shimmering altar of Xom.
  2408 | D:3      | Reached XP level 5. HP: 46/46 MP: 7/7
  2612 | D:3      | Became a worshipper of Beogh the Brigand
  2712 | D:3      | Noticed a phantom
  3154 | D:3      | Reached skill level 4 in Axes
  4002 | D:4      | Reached skill level 5 in Axes
  4131 | D:4      | Slain by an orc

Action                   |  1- 3 |  4- 6 || total
-------------------------+-------+-------++-------
Melee: Unarmed           |    26 |       ||    26
       Short sword       |    76 |       ||    76
       Hand axe          |    20 |    77 ||    97
       War axe           |       |    90 ||    90
Throw: Stone             |     4 |       ||     4
 Cast: Freeze            |    28 |     5 ||    33
Invok: Convert to Beogh  |       |     1 ||     1
  Use: Scroll            |       |     7 ||     7
 Stab: Sleeping          |     3 |       ||     3
  Eat: Chunk             |     2 |     4 ||     6
       Bread ration      |       |     1 ||     1
       Royal jelly       |       |     1 ||     1
       Fruit             |       |     1 ||     1
